 Dungeon Crawl Stone Soup version 0.18-a0-952-g309898a (webtiles) character file.

76 filipzpl the Magician (level 4, -1/24 HPs)
             Began as a Deep Elf Wizard on Dec 30, 2015.
             Killed from afar by an orc wizard (10 damage)
             ... with a puff of flame
             ... on level 2 of the Dungeon.
             The game lasted 00:08:24 (2448 turns).

filipzpl the Magician (Deep Elf Wizard)             Turns: 2448, Time: 00:08:24

Health: -1/24      AC:  2    Str:  4    XL:     4   Next: 12%
Magic:  14/14      EV: 12    Int: 24    God:
Gold:   102        SH:  0    Dex: 13    Spells: 5 memorised, 4 levels left

rFire  . . .     SeeInvis .     (no weapon)
rCold  . . .     Gourm    .     a - +0 robe
rNeg   . . .     Faith    .     (no shield)
rPois  .         Spirit   .     b - +0 hat
rElec  .         Dismiss  .     (no cloak)
rCorr  .         Reflect  .     (no gloves)
SustAt .         Harm     .     (no boots)
MR     .....                    (no amulet)
Stlth  +.........               (no ring)
                                (no ring)

@: confused, not resistant to hostile enchantments, very unstealthy
A: no striking features
a: no special abilities


You were on level 2 of the Dungeon.
You were very hungry.

You visited 1 branch of the dungeon, and saw 3 of its levels.

You collected 102 gold pieces.

Inventory:

Armour
 a - a +0 robe (worn)
 b - a +0 hat (worn)
Scrolls
 e - a scroll of fog {unknown}
 g - a scroll of remove curse
 j - a scroll of blinking
Potions
 f - a potion of curing
 i - a potion of flight {unknown}
 n - a potion of brilliance
 o - a potion of degeneration {unknown}
 q - a potion of resistance {unknown}
 r - a potion of ambrosia {unknown}
Books
 c - a book of Minor Magic

   Spells                             Type                      Level
   a - Magic Dart                     Conjuration                  1
   b - Blink                          Translocation                2
   c - Call Imp                       Summoning                    2
   d - Repel Missiles                 Charms/Air                   2
   e - Slow                           Hexes                        2
   f - Conjure Flame                  Conjuration/Fire             3
   g - Mephitic Cloud                 Conjuration/Poison/Air       3
Comestibles
 d - a bread ration
 h - a fruit
 m - a beef jerky


   Skills:
 - Level 2.4 Dodging
 - Level 2.4 Stealth
 - Level 6.1 Spellcasting
 - Level 2.5 Conjurations
   Level 1.1 Summonings
 - Level 1.1 Translocations
 * Level 0.4 Fire Magic
 * Level 0.0 Air Magic


You had 4 spell levels left.
You knew the following spells:

 Your Spells              Type           Power        Failure   Level  Hunger
a - Magic Dart            Conj           ###.         2%          1    None
b - Blink                 Tloc           N/A          10%         2    None
c - Repel Missiles        Chrm/Air       #.....       12%         2    None
d - Conjure Flame         Conj/Fire      ##......     14%         3    #......
e - Mephitic Cloud        Conj/Pois/Air  ##......     21%         3    #......


Dungeon Overview and Level Annotations

Branches:
Dungeon (3/15)

Altars:
Ashenzari


Message History

Something hits you.
You hear some strange, mumbled words.
You are confused.
You're too confused to cast spells.
You bump into the rock wall.
You hear some strange, mumbled words.
You are more confused.
You bump into the rock wall.
You bump into the rock wall.
Something hits you. Something hits you but does no damage.
You're too confused to move!
Something hits you but does no damage.
You bump into the rock wall.
Something hits you.
You bump into the rock wall.
Something hits you.
You bump into the rock wall.
Something hits you but does no damage.
You hear some strange, mumbled words.
Something tries to affect you, but you resist.
You hear some strange, mumbled words.
A puff of flame appears from out of thin air!
The puff of flame hits you!
You die...

##..#.# ##....#
##.#..# ##.#..####
.........#
##.#).##.##
#...).....########
....#..........{.#
......##..######@#
.....###..# #.#
#...## #..# #.#
##.## #..# #.#
########.># #.#
..........# #.#
########.## #.#
#.# #.# ##### #.#
##.####...##


There were no monsters in sight!

Vanquished Creatures
  3 adders
  A worm (D:2)
  A giant gecko (D:2)
  3 orcs (D:3)
  3 giant cockroaches (D:1)
  6 goblins
  12 hobgoblins
  2 bats (D:3)
  3 giant newts
  6 kobolds
  A rat (D:2)
41 creatures vanquished.

Notes
Turn   | Place    | Note
--------------------------------------------------------------
     0 | D:1      | filipzpl the Deep Elf Wizard began the quest for the Orb.
     0 | D:1      | Reached XP level 1. HP: 10/10 MP: 7/7
   355 | D:1      | Reached skill level 5 in Spellcasting
   355 | D:1      | Reached XP level 2. HP: 15/15 MP: 5/10
  1053 | D:2      | Reached XP level 3. HP: 19/19 MP: 3/12
  1394 | D:2      | Found a shattered altar of Ashenzari.
  1676 | D:3      | Reached skill level 6 in Spellcasting
  1930 | D:3      | Reached XP level 4. HP: 24/24 MP: 9/14
  2044 | D:2      | Learned a level 2 spell: Blink
  2047 | D:2      | Learned a level 2 spell: Repel Missiles
  2051 | D:2      | Learned a level 3 spell: Conjure Flame
  2055 | D:2      | Learned a level 3 spell: Mephitic Cloud
  2448 | D:2      | Killed from afar by an orc wizard

Vault maps used:
D:1:      elethiomel_arrival_shortcut
D:2:      ashenzari_altar_1

Action                   |  1- 3 |  4- 6 || total
-------------------------+-------+-------++-------
Melee: Unarmed           |     6 |     1 ||     7
 Cast: Magic Dart        |    99 |    14 ||   113
  Use: Scroll            |       |     9 ||     9
  Eat: Chunk             |     2 |     1 ||     3
